 Dungeon Crawl Stone Soup version 0.12.2-22-g286eab9 (webtiles) character file.

157 Nattfarinn the Insei (level 3, -1/23 HPs)
             Began as a Sludge Elf Transmuter on Aug 29, 2013.
             Slain by an orc priest
             ... wielding a +1,+3 orcish trident
              (10 damage)
             ... on Level 3 of the Dungeon.
             The game lasted 00:06:58 (1861 turns).

Nattfarinn the Insei (Sludge Elf Transmuter)        Turns: 1861, Time: 00:06:58

HP  -1/23        AC  5     Str 11      XL: 3   Next: 93%
MP   5/5         EV 12     Int 14      God:
Gold 102         SH  0     Dex 14      Spells:  1 memorised,  6 levels left

Res.Fire  : . . .   See Invis. : .   g - +1,+0 elf short sword
Res.Cold  : . . .   Warding    : .   m - +0 leather armour {MR}
Life Prot.: . . .   Conserve   : .   (no shield)
Res.Poison: +       Res.Corr.  : .   (no helmet)
Res.Elec. : .       Clarity    : .   s - +1 cloak {rPois}
Sust.Abil.: . .     Spirit.Shd : .   (no gloves)
Res.Mut.  : .       Rnd.Telep. : +   (no boots)
Res.Rott. : .       Ctrl.Telep.: .   (no amulet)
Saprovore : . . .   Flight     : .   (no ring)
                                     l - cursed ring of teleportation

@: somewhat resistant to hostile enchantments, unstealthy
A: no striking features
a: Evoke Teleportation


You were on level 3 of the Dungeon.
You were not hungry.

You visited 1 branch of the dungeon, and saw 3 of its levels.

You collected 82 gold pieces.

Inventory:

Hand weapons
 g - a +1,+0 elven short sword (weapon)
Missiles
 b - 12 arrows
Armour
 c - a +0 elven robe
 m - a +0 leather armour of magic resistance (worn)
 s - a +1 cloak of poison resistance (worn)
Comestibles
 a - 2 bread rations
 f - 2 meat rations
 i - a choko
 t - a pear
Scrolls
 k - a scroll of fear {unknown}
 o - a scroll of remove curse {unknown}
 p - a scroll of identify {unknown}
 q - a scroll of teleportation {unknown}
 r - a scroll of recharging {unknown}
Jewellery
 l - a cursed ring of teleportation (left hand)
Potions
 e - a potion of flight {unknown}
 h - a potion of paralysis {unknown}
 n - a potion of resistance {unknown}
Books
 d - a book of Changes

   Spells                             Type                      Level
   *Beastly Appendage                 Transmutation                1
   Sticks to Snakes                   Transmutation                2
   Spider Form                        Transmutation/Poison         3
   Ice Form                           Ice/Transmutation            4
   Blade Hands                        Transmutation                5


   Skills:
 + Level 1.2 Fighting
 + Level 0.5 Short Blades
 + Level 0.5 Armour
 + Level 3.2 Dodging
 + Level 0.2 Traps
 + Level 4.1 Unarmed Combat
 + Level 2.5 Spellcasting
 + Level 2.9 Transmutations


You had 6 spell levels left.
You knew the following spells:

 Your Spells              Type           Power        Failure   Level  Hunger
a - Beastly Appendage     Trmt           ##.....      10%         1    #......


Dungeon Overview and Level Annotations

Branches:
Dungeon (3/27)

Altars:


Message History

You feel better.
You hit the orc.
The orc is moderately wounded.
The orc barely misses you.
The orc priest hits you from afar with an orcish trident.
* * * LOW HITPOINT WARNING * * *
You completely miss the orc.
The orc is moderately wounded.
The orc barely misses you. The orc priest completely misses you.
Drink which item? (? for menu, Esc to quit)
You feel better. The orc hits you. The orc priest misses you.
You hit the orc.
The orc is heavily wounded.
The orc barely misses you.
The orc priest hits you from afar with an orcish trident.
You closely miss the orc.
The orc is heavily wounded.
The orc hits you but does no damage.
The orc priest hits you from afar with an orcish trident!
You die...

###### ....... .......
.......## .......oo#
#o# #@# .# #.# .# #.#
###.# #.#####...#
####....##...####.
..................... #
#####..................
.
#...#..#####...####.#..
.. #.#...#...# #....#
#.#..


You could see an orc priest and 2 orcs.

Vanquished Creatures
  An adder (D:3)
  A worm (D:3)
  A giant gecko (D:1)
  An orc (D:3)
  A ball python (D:1)
  3 bats
  2 hobgoblins
  4 kobolds
  2 quokkas (D:2)
  A giant cockroach (D:3)
  5 giant newts
  4 goblins
  7 jackals
  8 rats
41 creatures vanquished.

Notes
Turn   | Place    | Note
--------------------------------------------------------------
     0 | D:1      | Nattfarinn, the Sludge Elf Transmuter, began the quest for the Orb.
     0 | D:1      | Reached XP level 1. HP: 13/13 MP: 1/1
   217 | D:1      | Reached XP level 2. HP: 9/18 MP: 4/4
   946 | D:2      | Reached skill level 4 in Unarmed Combat
  1002 | D:2      | Reached XP level 3. HP: 12/23 MP: 5/5
  1861 | D:3      | Slain by an orc priest

Action                   || total
-------------------------++-------
Melee: Short sword       ||   186
       Unarmed           ||    10
 Cast: Beastly Appendage ||     2
  Use: Potion            ||     4
 Stab: Sleeping          ||     2
